 Dungeon Crawl Stone Soup version 0.19-a0-585-ge40200b (webtiles) character file.

67 shmeve the Skirmisher (level 3, 0/29 HPs)
             Began as a Demonspawn Fighter on June 9, 2016.
             Succumbed to an adder's poison
             ... on level 2 of the Dungeon.
             The game lasted 00:02:37 (1106 turns).

shmeve the Skirmisher (Demonspawn Fighter)          Turns: 1106, Time: 00:02:38

Health: 0/29       AC:  5    Str: 21    XL:     3   Next: 98%
Magic:  3/3        EV:  7    Int:  9    God:
Gold:   101        SH:  9    Dex: 12    Spells: 0 memorised, 2 levels left

rFire  . . .     SeeInvis .     a - +0 war axe
rCold  . . .     Gourm    .     b - +0 scale mail
rNeg   . . .     Faith    .     c - +0 shield
rPois  .         Spirit   +     (no helmet)
rElec  .         Dismiss  .     (no cloak)
rCorr  .         Reflect  .     (no gloves)
SustAt .         Harm     .     g - +0 pair of boots
MR     .....                    (no amulet)
Stlth  ..........               o - -2 ring of protection (curse)
                                k - +4 ring of strength

@: lethally poisoned (0 -> -2), not resistant to hostile enchantments, extremely
unstealthy
A: powered by pain 1, magic shield
a: no special abilities


You were on level 2 of the Dungeon.
You were hungry.

You visited 1 branch of the dungeon, and saw 2 of its levels.

You collected 101 gold pieces.

Inventory:

Hand Weapons
 a - a +0 war axe (weapon)
Armour
 b - a +0 scale mail (worn)
 c - a +0 shield (worn)
 g - a +0 pair of boots (worn)
Jewellery
 k - a +4 ring of strength (left hand)
 o - a cursed -2 ring of protection (right hand)
 p - an uncursed amulet of regeneration {unknown}
Scrolls
 l - a scroll of random uselessness
Potions
 d - a potion of might
 e - 5 potions of heal wounds {unknown}
 h - a potion of resistance {unknown}
 i - a potion of flight {unknown}
 j - a potion of agility {unknown}
Books
 m - a book of the Dragon

   Spells                             Type                      Level
   a - Flame Tongue                   Conjuration/Fire             1
   b - Cause Fear                     Hexes                        4
   c - Bolt of Fire                   Conjuration/Fire             6
   d - Dragon Form                    Transmutation                7
   e - Dragon's Call                  Summoning                    9
Comestibles
 f - 3 bread rations
 n - a royal jelly


   Skills:
 * Level 3.5 Fighting
 * Level 2.4 Axes
 + Level 3.1 Armour
 + Level 0.1 Dodging
 * Level 3.2 Shields


You had 2 spell levels left.
You didn't know any spells.

Dungeon Overview and Level Annotations

Branches:
Dungeon (2/15)

Altars:


Innate Abilities, Weirdness & Mutations

You sometimes gain a little power by taking damage.
When hurt, damage is shared between your health and your magic reserves.


Message History

* * * LOW HITPOINT WARNING * * *
You block the adder's attack.
You barely miss the adder.
The adder is severely wounded.
* * * LOW HITPOINT WARNING * * *
You feel sick. You block the adder's attack.
You closely miss the adder.
The adder is severely wounded.
You block the adder's attack. The adder bites you but does no damage.
You block the adder's attack.
You slash the adder!
You kill the adder!
* * * LOW HITPOINT WARNING * * *
You feel sick.
* * * LOW HITPOINT WARNING * * *
You feel sick.
Unknown command.
You see here a thick jade amulet.
p - a thick jade amulet You die...

..).............##
...............####
............#.....###
...........#........#
...##.....##........#
#### #######....>.###
#......# #......#
#....@.# #......#
#......# #......#
#......# ########


There were no monsters in sight!

Vanquished Creatures
  4 adders (D:2)
  A dart slug (D:2)
  A giant gecko (D:2)
  2 bats
  3 giant cockroaches
  6 hobgoblins
  A giant newt (D:2)
  3 goblins (D:2)
  4 kobolds
  6 rats
31 creatures vanquished.

Notes
Turn   | Place    | Note
--------------------------------------------------------------
     0 | D:1      | shmeve the Demonspawn Fighter began the quest for the Orb.
     0 | D:1      | Reached XP level 1. HP: 18/18 MP: 1/1
   111 | D:1      | Upgraded the game from 0.19-a0-569-g984bae3 to 0.19-a0-585-ge40200b
   120 | D:1      | Gained mutation: When hurt, damage is shared between your health and your magic reserves. [demonic ancestry]
   120 | D:1      | Reached XP level 2. HP: 23/24 MP: 2/2
   651 | D:2      | Gained mutation: You sometimes gain a little power by taking damage. [demonic ancestry]
   651 | D:2      | Reached XP level 3. HP: 27/29 MP: 3/3
  1102 | D:2      | HP: 1/29 [poisoned by an adder]
  1106 | D:2      | Succumbed to an adder's poison

Vault maps used:
D:1:      dpeg_arrival_court
D:2:      first_bread

Skill      XL: |  1  2 |
---------------+-------+-----
Axes           | 2 |  2.4
Armour         | 3 |  3.1
Shields        | 3 |  3.2
Fighting       | |  3.5
Dodging        | |  0.1

Action                   || total
-------------------------++-------
Melee: War axe           ||    96
  Use: Scroll            ||     1
Armor: Scale mail        ||    70
Dodge: Dodged            ||    45
Block: Shield            ||    59
